 Dungeon Crawl Stone Soup version 0.31-a0-1388-g4b2ba238e7 (webtiles) character file.

Game seed: 6806202777100406227

112 MisterAzrael the Changeling (level 4, -2/40 HPs)
             Began as a Troll Shapeshifter on Dec 24, 2023.
             Slain by a sky beast (6 damage)
             ... on level 4 of the Dungeon.
             The game lasted 00:03:57 (2413 turns).

MisterAzrael the Changeling (Troll Shapeshifter)    Turns: 2413, Time: 00:03:57

Health: -2/40      AC:  4    Str: 24    XL:     4   Next: 64%
Magic:  3/3        EV:  9    Int:  6    God:
Gold:   217        SH:  0    Dex:  9    Spells: 3/3 levels left

rFire   . .          .
                       - Unarmed
rCold   . . .        (no shield)
rNeg    . . .        a - +0 animal skin
rPois   .            (helmet currently unavailable)
rElec   .            (cloak currently unavailable)
rCorr   .            (gloves unavailable)
SInv    .            (boots unavailable)
Will    .....        (no amulet)
Stlth   +            (no ring)
HPRegen 1.06/turn    (no ring)
MPRegen 0.08/turn

%: no passive effects
@: beast-form
A: beast (slay +2), large, unfitting armour, claws 3, regeneration 1, shaggy fur
1, tough skin 1
a: Begin Untransformation


You were on level 4 of the Dungeon.
You were a hulking beast.
You visited 1 branch of the dungeon, and saw 4 of its levels.

You collected 217 gold pieces.

Inventory:

Missiles
 s - 6 boomerangs
Armour
 a - a +0 animal skin (worn)
Jewellery
 n - a ring of poison resistance
 o - a +4 ring of protection
Talismans
 c - a beast talisman
 d - a flux talisman
Wands
 r - a wand of flame (8)
 u - a wand of charming (6)
Scrolls
 e - 3 scrolls of revelation {unknown}
 g - 2 scrolls of fear {unknown}
 h - 2 scrolls of identify {unknown}
 k - a scroll of amnesia {unknown}
 l - 2 scrolls of teleportation {unknown}
 m - a scroll of torment {unknown}
 p - a scroll of immolation {unknown}
Potions
 b - a potion of lignification
 f - 3 potions of haste {unknown}
 i - 3 potions of curing {unknown}
 j - 2 potions of attraction {unknown}
 q - a potion of heal wounds {unknown}
 t - a potion of might {unknown}


   Skills:
 - Level 0.7 Fighting
 - Level 1.5 Dodging
 + Level 3.9 Unarmed Combat
 * Level 4.5 Shapeshifting


You had 3 spell levels left.
You didn't know any spells.
Your spell library contained the following spells:

 Spells                   Type           Power      Damage    Failure   Level
 Manifold Assault         Tloc           0%         N/A       99%         4
 Dispersal                Tloc           0%         N/A       100%        6
 Disjunction              Tloc           0%         N/A       100%        8


Dungeon Overview and Level Annotations

Branches:
Dungeon (4/15)
 Temple: D:4-7

Altars:
Hepliaklqana
Kikubaaqudgha
Makhleb

Shops:
D:3 :

Annotations:
D:2 1 runed translucent door, Crazy Yiuf


Innate Abilities, Weirdness & Mutations

You are a hulking beast.
Your limbs bulge with bestial killing power. (Slay +2)
You are too large for most types of armour.
You have claws for hands.
Your natural rate of healing is unusually fast.
You are covered in fur. (AC +1)
You have tough skin. (AC +1)


Message History

There are monsters nearby!
There is an open door here.
You miss the sky beast. The sky beast hits you. The sky beast shocks you.
The dart slug launches a dart at you.
The slug dart hits you but does no damage.
You closely miss the sky beast. The giant cockroach barely misses you.
The sky beast hits you. The sky beast shocks you.
You scratch the sky beast.
The sky beast is lightly wounded.
The giant cockroach barely misses you. The dart slug launches a dart at you.
The slug dart misses you. The sky beast barely misses you.
The giant cockroach closely misses you.
You claw the sky beast!
The sky beast is heavily wounded.
The sky beast hits you. The sky beast shocks you.
The giant cockroach bites you but does no damage.
The dart slug barely misses you.
You scratch the sky beast but do no damage.
The sky beast is heavily wounded.
The giant cockroach bites you but does no damage.
The sky beast hits you. The sky beast shocks you.
You barely miss the sky beast.
The sky beast is heavily wounded.
The giant cockroach barely misses you. The dart slug bites you.
* * * LOW HITPOINT WARNING * * *
The sky beast flickers out of sight!
Deactivating autopickup; reactivate with Ctrl-A.
Something hits you.
* * * LOW HITPOINT WARNING * * *
Something shocks you.
* * * LOW HITPOINT WARNING * * *
You miss something. Your claw misses something.
The giant cockroach barely misses you. Something hits you but does no damage.
You scratch something. The giant cockroach closely misses you.
The dart slug bites you but does no damage.
Something hits you.
* * * LOW HITPOINT WARNING * * *
Something shocks you.
You die...

.......<.....####..####.†...
.#####...######.#..##.......
##.##...##.....#....#..
###....?###.....##....
#...?...###.....#....
#.......# #†.........
#.......# ##†###.....
#.w{B.####..#.##...#
#.h.##....##......#
#######'###............<
........................
............##..........
...........###.........†
#######'##.###.....##...
##...##.......##[...
##..†..###....##....#
#.......###...###...#


You could see a dart slug and a giant cockroach.

Vanquished Creatures
  A hound (D:4)
  An adder (D:2)
  A dart slug (D:4)
  5 ball pythons
  6 bats
  4 endoplasms
  2 giant cockroaches
  4 goblins
  9 hobgoblins
  3 jackals (D:2)
  8 kobolds
  7 quokkas
  6 frilled lizards
  4 rats
61 creatures vanquished.

Notes
Turn   | Place    | Note
-------+----------+-------------------------------------------
     0 | D:1      | MisterAzrael the Troll Shapeshifter began the quest for the
                  | Orb.
     0 | D:1      | Reached XP level 1. HP: 18/18 MP: 0/0
   106 | D:1      | Reached XP level 2. HP: 23/26 MP: 1/1
   543 | D:2      | Reached XP level 3. HP: 30/32 MP: 2/2
   657 | D:2      | Reached skill level 4 in Shapeshifting
   834 | D:2      | Found an ancient bone altar of Kikubaaqudgha.
  1239 | D:2      | Found a runed translucent door.
  1240 | D:2      | Noticed Crazy Yiuf
  1464 | D:3      | Found Ukhloatyp's Book Shoppe.
  1517 | D:3      | Reached XP level 4. HP: 39/40 MP: 3/3
  1748 | D:3      | Found a burning altar of Makhleb.
  2127 | D:3      | Found a hazy altar of Hepliaklqana.
  2403 | D:4      | Noticed a sky beast
  2413 | D:4      | Slain by a sky beast

Illustrated notes

Levels and vault maps discovered:
D:1:      lemuel_arrival_river_ford, layout_rooms
D:2:      layout_basic, basic_altar, chequers_serial_rivers_micro_b,
          uniq_crazy_yiuf_cottage
D:3:      layout_loops_ring, nicolae_hepliaklqana_hippocampus,
          lightli_temple_of_fire, serial_shops, nicolae_book_shop_shelving
D:4:      kennysheep_six_static_rooms, layout_cave_pools, minmay_liquid_box,
          minmay_misc_feat_roman, uniq_natasha

Skill      XL: |  1  2  3 |
---------------+----------+-----
Shapeshifting  | 4 |  4.5
Fighting       | |  0.7
Dodging        | |  1.5
Unarmed Combat | |  3.9

Action                     |  1- 3 |  4- 6 || total
---------------------------+-------+-------++-------
  Melee: Unarmed           |   107 |    34 ||   141
         Punch             |     3 |     1 ||     4
 Armour: Animal skin       |    62 |    32 ||    94
  Dodge: Dodged            |    42 |    17 ||    59

Table legend: (Time is in decaauts)
 A = Elapsed time spent in this place.
 B = Non-inter-level travel time spent in this place.
 C = Inter-level travel time spent in this place.
 D = Time resting spent in this place.
 E = Time spent auto-exploring this place.
 F = Levels seen in this place.
 G = Mean time per level.
                   A        B        C        D        E       F      G
               +--------+--------+--------+--------+--------+-----+--------+
         Total |   2404 |   2273 |    131 |      0 |   1905 |   4 |  601.0 |
       Dungeon |   2404 |   2273 |    131 |      0 |   1905 |   4 |  601.0 |
               +--------+--------+--------+--------+--------+-----+--------+

Top non-repeatable levels by time:
     D:2: 966 daAuts
     D:3: 798 daAuts
     D:1: 492 daAuts
     D:4: 147 daAuts
